AoeStats
← Big Papi

Arena

508569665Analyzed
4v4 RM · 8d ago on Sep 23, 2026· 52m 20s· 8 players
Game mode
Random Map
Map size
Large (8 player)
Population
200
Speed
Normal
Resources
Standard
Victory
Conquest
Starting age
Dark Age
Ending age
Imperial Age
RankedLock teamsTeams togetherTeam positionsShared explorationLock speedFull tech treeHidden civsTurbo modeCheats
Victory
Defeat
🇺🇸 Goths · United States
927
+13
🇦🇷 Koreans · Argentina
911
+14
🇦🇷 Khmer · Argentina
874
+15
🇹🇷 Poles · Türkiye
815
+18
🇺🇸 Slavs · United States
926
-18
🇲🇽 Jurchens · Mexico
897
-17
🇲🇽 Burmese · Mexico
805
-13
🇺🇸 Teutons · United States
797
-12
golgi
12:53 Feudal Age
17:54 Castle Age
15:45 Double-Bit Axe
17:06 Forging
18:25 Scale Barding Armor
20:29 Bloodlines
24:41 Ballistics
26:40 Murder Holes
28:20 Wheelbarrow
28:23 Bow Saw
29:45 Gold Mining
30:45 Town Watch
34:48 Imperial Age
33:50 Hand Cart
33:20 Loom
33:51 Horse Collar
35:11 Fletching
35:04 Cavalier
37:14 Chain Barding Armor
37:29 Iron Casting
38:12 Husbandry
37:46 Light Cavalry
40:22 Thumb Ring
45:22 Pikeman
46:02 Squires
46:41 Bodkin Arrow
46:47 Padded Archer Armor
47:00 Masonry
47:57 Conscription
47:45 Arson
50:30 Szlachta Privileges
Lost My Scout
0:32 Loom
12:51 Feudal Age
13:30 Horse Collar
13:46 Double-Bit Axe
14:43 Gold Mining
14:54 Man-at-Arms
17:33 Stone Mining
22:35 Castle Age
22:58 Scale Mail Armor
23:09 Forging
22:50 Fletching
24:25 Stone Shaft Mining
24:13 Bow Saw
24:06 Heavy Plow
25:28 Wheelbarrow
24:41 Town Watch
26:16 Squires
26:00 Pikeman
28:45 Hand Cart
30:05 Town Patrol
31:21 Masonry
30:52 Treadmill Crane
31:08 Murder Holes
34:10 Imperial Age
32:43 Anarchy
33:32 Ballistics
33:10 Herbal Medicine
33:16 Devotion
33:14 Bodkin Arrow
34:16 Iron Casting
33:57 Chain Mail Armor
35:27 Conscription
35:08 Perfusion
36:30 Chemistry
36:55 Two-Man Saw
37:47 Halberdier
38:34 Elite Huskarl
42:19 Crop Rotation
42:22 Architecture
43:05 Blast Furnace
42:06 Bracer
43:31 Guilds
43:22 Caravan
44:56 Long Swordsman
47:29 Two-Handed Swordsman
47:46 Champion
Big Papi
7:02 Loom
7:24 Loom
10:27 Feudal Age
11:04 Double-Bit Axe
13:59 Wheelbarrow
17:52 Horse Collar
18:25 Fletching
20:54 Castle Age
20:47 Gold Mining
21:54 Stone Mining
21:53 Crossbowman
23:26 Town Watch
24:27 Hand Cart
24:22 Heavy Plow
24:47 Bow Saw
29:11 Bodkin Arrow
30:05 Murder Holes
30:22 Masonry
30:43 Fortified Wall
31:38 Hand Cart
32:46 Masonry
36:42 Imperial Age
36:33 Ballistics
36:27 Forging
38:28 Two-Man Saw
38:13 Gold Shaft Mining
38:16 Stone Shaft Mining
38:30 Conscription
40:06 Shinkichon
40:50 Chemistry
39:21 Pikeman
40:02 Squires
40:50 Halberdier
41:38 Thumb Ring
43:40 Capped Ram
45:04 Block Printing
45:00 Fervor
45:11 Sanctity
45:13 Bracer
45:49 Iron Casting
45:50 Architecture
48:45 Theocracy
48:30 Scale Barding Armor
48:26 Scale Mail Armor
49:17 Caravan
51:57 Elite War Wagon
52:01 Arbalester
HAMILTON AK
0:59 Loom
11:56 Feudal Age
16:49 Castle Age
15:11 Double-Bit Axe
15:28 Horse Collar
23:45 Stone Mining
23:51 Gold Mining
25:39 Wheelbarrow
27:04 Hand Cart
27:20 Heavy Plow
27:36 Bow Saw
32:07 Imperial Age
30:10 Padded Archer Armor
30:00 Fletching
31:39 Gold Shaft Mining
32:41 Leather Archer Armor
32:21 Bodkin Arrow
33:39 Stone Shaft Mining
33:09 Double Crossbow
33:31 Conscription
32:50 Heavy Scorpion
35:20 Ring Archer Armor
34:51 Bracer
35:07 Forging
42:19 Iron Casting
46:09 Pikeman
48:59 Halberdier
51:06 Scale Mail Armor
52:06 Blast Furnace
donoban.ramirez
0:25 Loom
11:03 Feudal Age
15:23 Castle Age
13:55 Double-Bit Axe
14:05 Gold Mining
16:44 Horse Collar
20:27 Forging
24:54 Scale Mail Armor
25:17 Pikeman
26:26 Chain Mail Armor
25:39 Crossbowman
28:15 Iron Casting
28:31 Wheelbarrow
27:42 Town Watch
30:18 Hand Cart
30:06 Fletching
30:24 Padded Archer Armor
30:25 Stone Mining
31:12 Gold Shaft Mining
31:18 Bodkin Arrow
31:39 Leather Archer Armor
31:44 Light Cavalry
32:34 Bloodlines
32:33 Scale Barding Armor
32:42 Bow Saw
33:12 Squires
32:34 Man-at-Arms
33:36 Chain Barding Armor
35:54 Husbandry
39:10 Imperial Age
36:56 Town Patrol
39:19 Onager
40:43 Plate Mail Armor
41:14 Blast Furnace
42:48 Halberdier
44:24 Siege Engineers
45:21 Chemistry
47:51 Long Swordsman
47:57 Siege Onager
50:16 Two-Handed Swordsman
51:39 Plate Barding Armor
ROMA
0:53 Loom
12:55 Feudal Age
13:29 Double-Bit Axe
14:27 Wheelbarrow
17:41 Horse Collar
20:42 Castle Age
20:03 Stone Mining
22:06 Man-at-Arms
25:58 Gold Mining
32:40 Imperial Age
30:35 Town Watch
32:23 Forging
32:20 Scale Barding Armor
34:29 Ballistics
35:30 Murder Holes
38:15 Iron Casting
37:32 Fletching
38:36 Padded Archer Armor
40:45 Blast Furnace
40:40 Husbandry
.:sTeeL:.
6:20 Loom
12:17 Feudal Age
13:37 Wheelbarrow
12:49 Horse Collar
12:58 Double-Bit Axe
13:09 Gold Mining
13:09 Stone Mining
19:48 Castle Age
18:42 Forging
20:40 Heavy Plow
20:55 Bow Saw
21:22 Stone Shaft Mining
21:05 Hand Cart
20:36 Town Watch
26:02 Fletching
29:14 Iron Casting
28:46 Scale Barding Armor
28:37 Bodkin Arrow
32:06 Imperial Age
31:17 Ballistics
31:08 Masonry
33:52 Chemistry
33:18 Crenellations
33:31 Conscription
33:17 Cavalier
34:08 Bloodlines
34:23 Paladin
36:55 Two-Man Saw
36:42 Crop Rotation
37:45 Blast Furnace
38:24 Chain Barding Armor
38:44 Hoardings
43:31 Guilds
44:45 Elite Teutonic Knight
46:44 Fortified Wall
46:41 Siege Engineers
47:58 Scale Mail Armor
50:44 Chain Mail Armor
51:06 Plate Barding Armor
52:24 Squires
52:10 Arson
52:11 Gambesons
lalopm9
7:15 Loom
11:50 Feudal Age
12:39 Horse Collar
14:02 Wheelbarrow
20:06 Stone Mining
21:12 Gold Mining
28:21 Bloodlines
28:32 Scale Barding Armor
32:18 Castle Age
33:33 Hand Cart
33:21 Heavy Plow
34:20 Husbandry
33:41 Light Cavalry
34:46 Chain Barding Armor
36:06 Caravan
36:48 Gold Shaft Mining
Connection lost

Rejoining the realm…

Still unreachable

The connection could not be restored.

Session expired

The server has moved on; the page needs a fresh start.